 Dungeon Crawl Stone Soup version 0.28-a0-95-g65e1ffefe4 (webtiles) character file.

Game seed: 10234121707852338306

46 HAL9000 the Sneak (level 3, -3/18 HPs)
             Began as a Vine Stalker Brigand on Aug 8, 2021.
             Slain by an iguana (5 damage)
             ... on level 2 of the Dungeon.
             The game lasted 00:01:59 (1563 turns).

HAL9000 the Sneak (Vine Stalker Brigand)            Turns: 1563, Time: 00:02:00

Health: -3/18      AC:  3    Str: 14    XL:     3   Next: 68%
Magic:  0/4        EV: 11    Int: 11    God:
Gold:   46         SH:  0    Dex: 15    Spells: 2/2 levels left

rFire   . . .      SeeInvis +   a - +2 dagger
rCold   . . .      Faith    .   (no shield)
rNeg    . . .      Spirit   +   b - +0 robe
rPois   .          Reflect  .   (no helmet)
rElec   .          Harm     .   c - +0 cloak
rCorr   .          Rampage  .   (no gloves)
Will    .....                   (no boots)
Stlth   +++.......              (no amulet)
HPRegen 0.06/turn               k - ring of see invisible
MPRegen 0.09/turn               (no ring)

@: no status effects
A: fangs 2, magic shield, antimagic bite, no potion heal 2
a: no special abilities


You were on level 2 of the Dungeon.
You visited 1 branch of the dungeon, and saw 2 of its levels.

You collected 46 gold pieces.

Inventory:

Hand Weapons
 a - a +2 dagger (weapon)
Missiles
 d - 7 poisoned darts (quivered)
 e - 2 curare-tipped darts
 n - 8 boomerangs
Armour
 b - a +0 robe (worn)
 c - a +0 cloak (worn)
Jewellery
 k - a ring of see invisible (left hand)
Scrolls
 h - a scroll of immolation {unknown}
 i - a scroll of noise {unknown}
 m - a scroll of enchant armour {unknown}
Potions
 f - 2 potions of might
 g - a potion of heal wounds {unknown}
 l - a potion of mutation


   Skills:
 - Level 1.7 Fighting
 - Level 1.7 Short Blades
 + Level 3.5 Throwing
 - Level 0.7 Dodging
 - Level 4.8 Stealth


You had 2 spell levels left.
You didn't know any spells.
Your spell library was empty.

Dungeon Overview and Level Annotations

Branches:
Dungeon (2/15)

Altars:


Innate Abilities, Weirdness & Mutations

You have extremely sharp teeth.
When hurt, damage is shared between your health and your magic reserves.
Your bite disrupts and absorbs the magic of your enemies.
Potions cannot restore your health.


Message History

The poisoned dart closely misses the iguana.
The iguana hisses angrily.
You hit the iguana.
The iguana is lightly wounded.
You barely miss the iguana. Your bite misses the iguana.
The iguana is lightly wounded.
The iguana closely misses you.
You hit the iguana.
The iguana is moderately wounded.
The iguana barely misses you.
You completely miss the iguana. You bite the iguana, but do no damage.
The iguana is moderately wounded.
The iguana barely misses you.
You hit the iguana but do no damage.
The iguana is moderately wounded.
The iguana bites you.
You hit the iguana but do no damage.
The iguana is moderately wounded.
The iguana bites you but does no damage.
You closely miss the iguana.
The iguana is moderately wounded.
The iguana bites you!
You hit the iguana. You bite the iguana, but do no damage.
The iguana is moderately wounded.
The iguana bites you.
You are too injured to fight recklessly!
You are too injured to fight recklessly!
You are too injured to fight recklessly!
You hit the iguana but do no damage.
The iguana is moderately wounded.
The iguana bites you but does no damage.
You hit the iguana. You bite the iguana. You drain its power.
You feel invigorated.
The iguana is heavily wounded.
The iguana bites you!
* * * LOW HITPOINT WARNING * * *
You hit the iguana.
The iguana is severely wounded.
The iguana bites you.
You die...

#.# #.# #.# #.# #.# #.#
# #.## #.########..#
#..# #......@l..(#
###.## #.###.####.##
#..... #.####.# #.#.##
#.###.?..#.########.....
#......?.........(....##
#####.##..#########..##
#.##..#########..#
#................#
####.########...##


You could see an iguana.

Vanquished Creatures
  2 adders (D:2)
  2 endoplasms
  2 giant cockroaches
  5 hobgoblins (D:1)
  5 kobolds
  2 ball pythons
  2 bats
  3 frilled lizards (D:1)
  2 goblins (D:1)
  2 rats (D:1)
27 creatures vanquished.

Vanquished Creatures (others)
  A plant (D:2)
1 creature vanquished.

Grand Total: 28 creatures vanquished

Notes
Turn   | Place    | Note
-------+----------+-------------------------------------------
     0 | D:1      | HAL9000 the Vine Stalker Brigand began the quest for the
                  | Orb.
     0 | D:1      | Reached XP level 1. HP: 11/11 MP: 2/2
   106 | D:1      | Reached XP level 2. HP: 5/15 MP: 3/3
  1272 | D:2      | Reached XP level 3. HP: 12/18 MP: 2/4
  1563 | D:2      | Slain by an iguana

Illustrated notes

Levels and vault maps discovered:
D:1:      minmay_arrival_stair_chambers, layout_loops_cross
D:2:      layout_loops_ring, corexii_shack, minmay_pentomino_t4

Skill      XL: |  1  2 |
---------------+-------+-----
Throwing       | 2 3 |  3.5
Fighting       | |  1.7
Short Blades   | |  1.7
Dodging        | |  0.7
Stealth        | |  4.8

Action                   || total
-------------------------++-------
Melee: Dagger            ||    69
       Bite              ||    16
Throw: Dart              ||     8
  Use: Scroll            ||     3
 Stab: Sleeping          ||    10
       Distracted        ||     1
Armor: Robe              ||    14
Dodge: Dodged            ||    27

Table legend: (Time is in decaauts)
 A = Elapsed time spent in this place.
 B = Non-inter-level travel time spent in this place.
 C = Inter-level travel time spent in this place.
 D = Time resting spent in this place.
 E = Time spent auto-exploring this place.
 F = Levels seen in this place.
 G = Mean time per level.
                   A        B        C        D        E       F      G
               +--------+--------+--------+--------+--------+-----+--------+
         Total |   1556 |   1524 |     32 |    392 |    933 |   2 |  778.0 |
       Dungeon |   1556 |   1524 |     32 |    392 |    933 |   2 |  778.0 |
               +--------+--------+--------+--------+--------+-----+--------+

Top non-repeatable levels by time:
     D:1: 1142 daAuts
     D:2: 414 daAuts
